 Dungeon Crawl Stone Soup version 0.28.0-1-gb440e238dd (webtiles) character file.

Game seed: 1095051218712445827

49 spiderapocalypse the Ruffian (level 3, -1/36 HPs)
             Began as a Troll Monk on Feb 22, 2022.
             Slain by an orc (6 damage)
             ... on level 3 of the Dungeon.
             The game lasted 00:06:19 (1517 turns).

spiderapocalypse the Ruffian (Troll Monk)           Turns: 1517, Time: 00:06:19

Health: -1/36      AC:  4    Str: 21    XL:     3   Next: 53%
Magic:  2/2        EV: 10    Int:  6    God:
Gold:   16         SH:  0    Dex: 12    Spells: 2/2 levels left

rFire   . . .      SeeInvis .     - Unarmed
rCold   . . .      Faith    .   (no shield)
rNeg    . . .      Spirit   .   a - +0 robe
rPois   .          Reflect  .   (helmet restricted)
rElec   .          Harm     +   h - scarf {harm}
rCorr   .          Rampage  .   (gloves unavailable)
Will    .....                   (boots unavailable)
Stlth   ++........              (no amulet)
HPRegen 0.92/turn               (no ring)
MPRegen 0.08/turn               (no ring)

@: no status effects
A: large, unfitting armour, claws 3, regeneration 1, shaggy fur 1, tough skin 1
a: no special abilities


You were on level 3 of the Dungeon.
You visited 1 branch of the dungeon, and saw 3 of its levels.

You collected 16 gold pieces.

Inventory:

Hand Weapons
 b - a +0 trident
 e - a +0 dagger
 i - a +0 short sword
 j - a +0 war axe
Missiles
 d - 21 arrows
Armour
 a - a +0 robe (worn)
 h - a scarf of harm (worn)
Scrolls
 c - a scroll of immolation {unknown}
 g - a scroll of teleportation {unknown}
 k - a scroll of enchant weapon {unknown}
Potions
 f - a potion of curing {unknown}
 l - a potion of flight {unknown}


   Skills:
 * Level 2.9 Fighting
 + Level 2.7 Dodging
 + Level 1.2 Stealth
 * Level 3.6 Unarmed Combat


You had 2 spell levels left.
You didn't know any spells.
Your spell library contained the following spells:

 Spells                   Type           Power      Damage    Failure   Level
 Shock                    Conj/Air       0%         1d3       45%         1
 Ensorcelled Hibernation  Hex/Ice        0%         N/A       58%         2
 Passwall                 Tmut/Erth      0%         N/A       58%         2
 Swiftness                Air            0%         N/A       83%         3
 Airstrike                Air            0%         N/A       99%         4


Dungeon Overview and Level Annotations

Branches:
Dungeon (3/15)

Altars:

Shops:
D:1 ?


Innate Abilities, Weirdness & Mutations

You are too large for most types of armour.
You have claws for hands.
Your natural rate of healing is unusually fast.
You are covered in fur. (AC +1)
You have tough skin. (AC +1)


Message History

The centaur zombie barely misses you. x2; The hobgoblin closely misses you.
The orc barely misses you.
You scratch the centaur zombie.
The centaur zombie is moderately damaged.
The centaur zombie hits you but does no damage.
The centaur zombie barely misses you. The orc completely misses you.
The hobgoblin hits you but does no damage.
The hobgoblin closely misses you.
The orc hits you from afar with a +0 trident.
You scratch the hobgoblin.
The hobgoblin is moderately wounded.
The centaur zombie hits you but does no damage.
The centaur zombie barely misses you. The orc barely misses you.
The hobgoblin hits you.
The hobgoblin hits you but does no damage.
The orc hits you from afar with a +0 trident.
The centaur zombie closely misses you.
The centaur zombie kicks you but does no damage.
You scratch the hobgoblin but do no damage.
The hobgoblin is moderately wounded.
The orc hits you but does no damage. The hobgoblin misses you.
The hobgoblin hits you.
A hobgoblin comes into view.
The centaur zombie hits you.
The centaur zombie kicks you but does no damage.
The orc hits you from afar with a +0 trident.
* * * LOW HITPOINT WARNING * * *
You barely miss the hobgoblin.
The hobgoblin is moderately wounded.
The orc hits you but does no damage.
The hobgoblin hits you but does no damage.
The centaur zombie hits you.
* * * LOW HITPOINT WARNING * * *
The centaur zombie barely misses you. The hobgoblin hits you.
* * * LOW HITPOINT WARNING * * *
The hobgoblin closely misses you.
You scratch the hobgoblin.
The hobgoblin is almost dead.
The orc hits you from afar with a +0 trident.
You die...

...............
...............
.............g.
...............
...............
...............
...............
.....oogg......
......)@g......
......Z.$......
...............
...............
...............
...............
#.#.##.###.####
#.#. #. .#


You could see 2 orcs, a centaur zombie and 4 hobgoblins.

Vanquished Creatures
  An adder (D:2)
  A dart slug (D:1)
  2 orcs (D:3)
  A ball python (D:1)
  2 bats (D:1)
  An endoplasm (D:1)
  3 giant cockroaches (D:1)
  5 hobgoblins
  3 jackals (D:1)
  A quokka (D:1)
  3 frilled lizards (D:1)
  5 goblins (D:1)
  A kobold (D:1)
  4 rats (D:1)
33 creatures vanquished.

Notes
Turn   | Place    | Note
-------+----------+-------------------------------------------
     0 | D:1      | spiderapocalypse the Troll Monk began the quest for the
                  | Orb.
     0 | D:1      | Reached XP level 1. HP: 22/22 MP: 0/0
   128 | D:1      | Reached XP level 2. HP: 29/29 MP: 1/1
   509 | D:1      | Reached XP level 3. HP: 36/36 MP: 2/2
   819 | D:1      | Found Arabaru's Magic Scroll Boutique.
  1517 | D:3      | Slain by an orc

Illustrated notes

Levels and vault maps discovered:
D:1:      dpeg_arrival_renting, layout_loops_corners, serial_shops,
          nicolae_shop_behind_doors, hangedman_abyss_or_decor_lesser_grid,
          minmay_misc_feat_room, chequers_arboretum, roderic_roman_lattice,
          chequers_serial_rivers_micro_d
D:2:      layout_basic, chequers_ecumenical_altar_grove, patterned_corridor
D:3:      layout_basic, st_stairs_12, minmay_diced_spiral, uniq_robin

Action                   || total
-------------------------++-------
Melee: Unarmed           ||    77
       Punch             ||     1
Armor: Robe              ||    48
Dodge: Dodged            ||    49
